 Dungeon Crawl Stone Soup version 0.31-a0-986-g5e6e4ef867 (webtiles) character file.

Game seed: 14538239895205587529

49 strifetoe the Chopper (level 3, -8/31 HPs)
             Began as a Minotaur Monk on Nov 17, 2023.
             Mangled by a gnoll
             ... wielding a +0 halberd
              (11 damage)
             ... on level 2 of the Dungeon.
             The game lasted 00:01:09 (840 turns).

strifetoe the Chopper (Minotaur Monk)                Turns: 840, Time: 00:01:09

Health: -8/31      AC:  2    Str: 17    XL:     3   Next: 53%
Magic:  2/2        EV: 12    Int:  7    God:
Gold:   52         SH:  0    Dex: 12    Spells: 2/2 levels left

rFire   . . .        a - +0 hand axe
rCold   . . .        d - orb {light}
rNeg    . . .        b - +0 robe
rPois   .            (helmet restricted)
rElec   .            (no cloak)
rCorr   .            (no gloves)
SInv    .            (no boots)
Will    .....        (no amulet)
Stlth   +            (no ring)
HPRegen 0.25/turn    (no ring)
MPRegen 0.08/turn

%: no passive effects
@: glowing
A: horns 2, retaliatory headbutt
a: no special abilities


You were on level 2 of the Dungeon.
You visited 1 branch of the dungeon, and saw 2 of its levels.

You collected 52 gold pieces.

Inventory:

Hand Weapons
 a - a +0 hand axe (weapon)
Armour
 b - a +0 robe (worn)
 d - an orb of light (worn)
Jewellery
 h - a +4 ring of protection
Scrolls
 e - 2 scrolls of enchant armour {unknown}
 f - a scroll of noise {unknown}
 i - 2 scrolls of vulnerability {unknown}
 j - a scroll of identify {unknown}
Potions
 c - 2 potions of ambrosia
 g - a potion of haste {unknown}
 k - a potion of curing {unknown}


   Skills:
 - Level 3.6 Fighting
 + Level 5.6 Axes
 - Level 3.2 Dodging


You had 2 spell levels left.
You didn't know any spells.
Your spell library was empty.

Dungeon Overview and Level Annotations

Branches:
Dungeon (2/15)

Altars:


Innate Abilities, Weirdness & Mutations

You have a pair of horns on your head.
You reflexively headbutt those who attack you in melee.


Message History

The gnoll misses you. You furiously retaliate!
You headbutt the gnoll! The gnoll closely misses you.
You barely miss the gnoll.
You headbutt the gnoll, but do no damage.
The gnoll is heavily wounded.
You barely miss the gnoll. The gnoll completely misses you.
The gnoll closely misses you. The gnoll barely misses you.
You hit the gnoll.
The gnoll is severely wounded.
You hit the gnoll. The gnoll hits you with a +0 club.
The gnoll barely misses you.
The gnoll hits you from afar with a +0 halberd.
You hit the gnoll.
You kill the gnoll!
You hit the gnoll. The gnoll hits you with a +0 club.
The gnoll closely misses you.
You hit the gnoll. Your headbutt misses the gnoll.
The gnoll is almost dead.
You hit the gnoll but do no damage. The gnoll closely misses you.
The gnoll hits you from afar with a +0 halberd!
The gnoll barely misses you. You furiously retaliate!
You headbutt the gnoll!
You are too injured to fight recklessly!
You are too injured to fight recklessly!
You are too injured to fight recklessly!
You are too injured to fight recklessly!
You are too injured to fight recklessly!
You are too injured to fight recklessly!
You are too injured to fight recklessly!
You are too injured to fight recklessly!
Unknown command.
You are too injured to fight recklessly!
Unknown command.
You barely miss the gnoll.
The gnoll is almost dead.
You hit the gnoll.
You kill the gnoll!
The gnoll hits you with a +0 club!
* * * LOW HITPOINT WARNING * * *
The gnoll hits you from afar with a +0 halberd!
You die...

#+## # ##...## ##.
##.....## #.##..#
##.......##
.......###.........#
#...gg@.'.........+
##...)###.........#
....... ##.......#
....##. ##.....##
..# #. ##...## . ..
##'## ## ###.#
#...########.
#............


You could see 2 gnolls.

Vanquished Creatures
  2 gnolls (D:2)
  An adder (D:2)
  4 ball pythons
  5 bats
  An endoplasm (D:1)
  2 giant cockroaches (D:1)
  2 goblins (D:1)
  A hobgoblin (D:1)
  4 jackals (D:1)
  A quokka (D:1)
  3 frilled lizards (D:1)
  2 kobolds
  A rat (D:1)
29 creatures vanquished.

Notes
Turn   | Place    | Note
-------+----------+-------------------------------------------
     0 | D:1      | strifetoe the Minotaur Monk began the quest for the Orb.
     0 | D:1      | Reached XP level 1. HP: 19/19 MP: 0/0
    31 | D:1      | Reached skill level 4 in Axes
   113 | D:1      | Reached XP level 2. HP: 26/26 MP: 1/1
   509 | D:1      | Reached skill level 5 in Axes
   562 | D:1      | You fall into a shaft and drop 1 floor!
   611 | D:2      | Reached XP level 3. HP: 26/31 MP: 2/2
   840 | D:2      | Mangled by a gnoll

Illustrated notes

Levels and vault maps discovered:
D:1:      ebering_trefoil_twist, layout_basic, st_stairs_7
D:2:      layout_loops_corners, uniq_crazy_yiuf_cottage

Skill      XL: |  1  2 |
---------------+-------+-----
Axes           | 4 5 |  5.6
Fighting       | |  3.6
Dodging        | |  3.2

Action                     || total
---------------------------++-------
  Melee: Hand axe          ||    44
         Headbutt          ||     9
 Armour: Robe              ||    21
  Dodge: Dodged            ||    38

Table legend: (Time is in decaauts)
 A = Elapsed time spent in this place.
 B = Non-inter-level travel time spent in this place.
 C = Inter-level travel time spent in this place.
 D = Time resting spent in this place.
 E = Time spent auto-exploring this place.
 F = Levels seen in this place.
 G = Mean time per level.
                   A        B        C        D        E       F      G
               +--------+--------+--------+--------+--------+-----+--------+
         Total |    842 |    842 |      0 |      4 |    723 |   2 |  421.0 |
       Dungeon |    842 |    842 |      0 |      4 |    723 |   2 |  421.0 |
               +--------+--------+--------+--------+--------+-----+--------+

Top non-repeatable levels by time:
     D:1: 564 daAuts
     D:2: 278 daAuts
